 Dungeon Crawl Stone Soup version 0.17.1-1-g73c8601 (webtiles) character file.

14 Goblin1989 the Shield-Bearer (level 2, 0/24 HPs)
             Began as a Human Fighter on Dec 21, 2015.
             Slain by a kobold (3 damage)
             ... on level 1 of the Dungeon.
             The game lasted 00:02:28 (337 turns).

Goblin1989 the Shield-Bearer (Human Fighter)         Turns: 337, Time: 00:02:28

Health: 0/24       AC:  6    Str: 16    XL:     2   Next: 60%
Magic:  2/2        EV:  6    Int:  8    God:
Gold:   59         SH:  8    Dex: 12    Spells: 0 memorised, 1 level left

rFire  . . .     SeeInvis .     a - +0 flail
rCold  . . .     Clarity  .     b - +0 scale mail
rNeg   . . .     SustAt   .     c - +0 shield
rPois  .         Gourm    .     (no helmet)
rElec  .         Spirit   .     (no cloak)
rCorr  .         Warding  .     (no gloves)
rMut   .         Stasis   .     (no boots)
MR     .....                    (no amulet)
Stlth  ..........               (no ring)
                                (no ring)

@: not resistant to hostile enchantments, extremely unstealthy
A: no striking features
a: no special abilities


You were on level 1 of the Dungeon.
You were not hungry.

You visited 1 branch of the dungeon, and saw 1 of its levels.

You collected 59 gold pieces.

Inventory:

Hand Weapons
 a - a +0 flail (weapon)
Armour
 b - a +0 scale mail (worn)
 c - a +0 shield (worn)
Scrolls
 g - a scroll of magic mapping {unknown}
 h - a scroll of remove curse {unknown}
 i - a scroll of identify {unknown}
Potions
 d - a potion of might
Comestibles
 e - a bread ration
 f - a meat ration


   Skills:
 - Level 3.0 Fighting
 + Level 3.0 Maces & Flails
 - Level 3.0 Armour
 - Level 3.0 Shields


You had one spell level left.
You didn't know any spells.

Dungeon Overview and Level Annotations

Branches:
Dungeon (1/15)

Altars:


Message History

Unknown command, not repeating.
You block the jackal's attack. You block the jackal's attack.
The jackal bites you but does no damage.
Your shield and scale mail prevent you from hitting the jackal.
The jackal bites you but does no damage.
The jackal bites you.
* * * LOW HITPOINT WARNING * * *
You barely miss the kobold. The jackal closely misses you.
The kobold hits you but does no damage. You block the jackal's attack.
Your shield and scale mail prevent you from hitting the jackal.
You block the jackal's attack. You block the kobold's attack.
The jackal barely misses you.
You closely miss the jackal. The kobold barely misses you.
You block the jackal's attack. The kobold barely misses you.
You thump the jackal!
The jackal is almost dead.
The jackal bites you but does no damage.
You block the jackal's attack. The kobold hits you.
You die...

.... .........####'#### #.....#
.... ###.......#....# #..<..#
.... ............†..## #.....#
.... ................## #######
.##. .................# . .#
#..............# # .#
..#...........†..# ....
........###............ #...
##.......h@...(........ #+
.....###...(...K.###......... ..
.......#.....$.....#......... ..
..............=....#......#+# #..
...................#......# ...
.....#.............#....... ...
...................# ............
...................# ............
.............#.....##............


You could see a jackal and a kobold.

Vanquished Creatures
  A giant gecko (D:1)
  A giant cockroach (D:1)
  2 hobgoblins (D:1)
  2 jackals (D:1)
  A kobold (D:1)
  2 giant newts (D:1)
  4 rats (D:1)
13 creatures vanquished.

Vanquished Creatures (others)
  2 ghouls (D:1)
  A gargoyle (D:1)
  2 vine stalkers (D:1)
  A spriggan (D:1)
  3 vampires (D:1)
  3 humans (D:1)
  A dwarf (D:1)
  2 orcs (D:1)
  6 tentacles (D:1)
  81 tentacle segments (D:1)
102 creatures vanquished.

Grand Total: 115 creatures vanquished

Notes
Turn   | Place    | Note
--------------------------------------------------------------
     0 | D:1      | Goblin1989 the Human Fighter began the quest for the Orb.
     0 | D:1      | Reached XP level 1. HP: 18/18 MP: 1/1
     2 | D:1      | Noticed a vine stalker
     2 | D:1      | Noticed a human
     2 | D:1      | Noticed a spriggan
     2 | D:1      | Noticed a vine stalker
     2 | D:1      | Noticed a ghoul
     2 | D:1      | Noticed a vampire
     2 | D:1      | Noticed a vampire
     2 | D:1      | Noticed a kraken
     2 | D:1      | Noticed a human
     2 | D:1      | Noticed a ghoul
     2 | D:1      | Noticed a vampire
     2 | D:1      | Noticed a dwarf
     2 | D:1      | Noticed a human
     2 | D:1      | Noticed a gargoyle
     4 | D:1      | Killed a vine stalker
     7 | D:1      | Killed a human
     9 | D:1      | Killed a ghoul
    10 | D:1      | Killed a vine stalker
    11 | D:1      | Killed a vampire
    11 | D:1      | Killed a vampire
    12 | D:1      | Killed a dwarf
    13 | D:1      | Killed a human
    13 | D:1      | Killed a vampire
    14 | D:1      | Killed a spriggan
    15 | D:1      | Killed a ghoul
    16 | D:1      | Killed a human
    18 | D:1      | Killed a gargoyle
   196 | D:1      | Reached XP level 2. HP: 21/24 MP: 2/2
   337 | D:1      | Slain by a kobold

Action                   || total
-------------------------++-------
Melee: Flail             ||    69
